 Dungeon Crawl Stone Soup version bcrawl-1.27.5 (console) character file.

Game seed: 3996680280747726910

120605 FIQ the Cudgeler (level 4, 0/32 HPs)
             Began as a Demonspawn Archaeologist on Aug 13, 2020.
             Succumbed to a worker ant's poison
             ... on level 4 of the Dungeon.
             The game lasted 00:05:09 (2552 turns).

FIQ the Cudgeler (Demonspawn Archaeologist)         Turns: 2552, Time: 00:05:09

Health: 0/32       AC:  7    Str: 13    XL:     4   Next: 66%
Magic:  2/4        EV: 12    Int: 15    God:
Gold:   187        SH:  0    Dex: 11    Spells: 3/3 levels left

rFire    . . .     SeeInvis .   a - +0 whip
rCold    + . .     Gourm    .   (no shield)
rNeg     . . .     Faith    .   b - +1 robe
rPois    .         Spirit   +   n - +2 hat
rElec    .         Reflect  .   (no cloak)
rCorr    .         Harm     .   (no gloves)
MR       .....                  d - +1 pair of boots
Stlth    ++........             m - amulet of guardian spirit
HPRegen  0.10/turn              (no ring)
MPRegen  0.09/turn              (no ring)

@: lethally poisoned (0 -> -5), starving
A: antennae 1, cold resistance 1, freezing cloud immunity
a: no special abilities


You were on level 4 of the Dungeon.
You were starving.

You visited 1 branch of the dungeon, and saw 4 of its levels.

You collected 187 gold pieces.

Inventory:

Hand Weapons
 a - a +0 whip (weapon)
Armour
 b - a +1 robe (worn)
 d - a +1 pair of boots (worn)
 n - a +2 hat (worn)
Jewellery
 m - an amulet of guardian spirit (around neck)
 o - an uncursed amulet of the gourmand
Scrolls
 c - 2 scrolls of noise {unknown}
 h - a scroll of identify
 i - a scroll of amnesia {unknown}
 j - 2 scrolls of remove curse {unknown}
 k - a scroll of immolation {unknown}
 l - a scroll of enchant weapon {unknown}
Miscellaneous
 f - a dusty tome
Comestibles
 e - 4 rations {!d}


   Skills:
 - Level 1.0 Fighting
 + Level 4.2 Maces & Flails
 - Level 2.6 Dodging
 - Level 3.0 Stealth


You had 3 spell levels left.
You didn't know any spells.
Your spell library was empty.

Dungeon Overview and Level Annotations

Branches:
Dungeon (4/12)
 Temple: D:4-7

Altars:


Innate Abilities, Weirdness & Mutations

You have a pair of small antennae on your head.
Your flesh is cold resistant. (rC+)
You are immune to freezing clouds.


Message History

You barely miss the worker ant. The worker ant bites you.
* * * LOW HITPOINT WARNING * * *
You are lethally poisoned!
The worker ant poisons you!
You closely miss the worker ant. The worker ant misses you.
You hit the worker ant but do no damage.
* * * LOW HITPOINT WARNING * * *
You feel sick. The worker ant barely misses you.
The worker ant closely misses you.
You barely miss the worker ant. The worker ant misses you.
You hit the worker ant.
The worker ant is lightly wounded.
* * * LOW HITPOINT WARNING * * *
You feel sick. The worker ant barely misses you.
You hit the worker ant but do no damage.
The worker ant is lightly wounded.
The worker ant bites you but does no damage.
You are starving!
You hit the worker ant but do no damage.
The worker ant is lightly wounded.
You die...

******,*** *,* *,* *,* *,*
######## *,* #......# *,*
#....(.# *,* #.(....# **,*
##############......####,,*
................@a......,,*
#######.######%.....####***
*,,...# #......# *,###.#
#......# ***,,,..# #..!...#
*,,,,,.## ######## *,***..*
*,,,,..* ,,,,*,,* ***,*,**
,,,,,,*


You could see a worker ant.

Vanquished Creatures
  A crimson imp (D:3)
  An adder (D:3)
  2 oozes
  2 worms
  A dart slug (D:1)
  2 leopard geckos (D:1)
  An orc (D:2)
  3 ball pythons
  4 giant cockroaches (D:1)
  6 goblins
  7 hobgoblins
  4 jackals
  7 bats
  2 frilled lizards
  4 kobolds
  3 rats
50 creatures vanquished.

Notes
Turn   | Place    | Note
-------+----------+-------------------------------------------
     0 | D:1      | FIQ the Demonspawn Archaeologist began the quest for the
                  | Orb.
     0 | D:1      | Reached XP level 1. HP: 15/15 MP: 1/1
    20 | D:1      | Reached skill level 1 in Maces & Flails
    66 | D:1      | Gained mutation: Your flesh is cold resistant. (rC+)
                  | [demonic ancestry]
    66 | D:1      | Reached XP level 2. HP: 21/21 MP: 2/2
    71 | D:1      | Reached skill level 2 in Maces & Flails
   445 | D:1      | Gained mutation: You are immune to freezing clouds.
                  | [demonic ancestry]
   445 | D:1      | Reached XP level 3. HP: 24/26 MP: 3/3
  1241 | D:1      | Reached skill level 3 in Maces & Flails
  2240 | D:3      | Reached skill level 4 in Maces & Flails
  2240 | D:3      | Gained mutation: You have a pair of small antennae on your
                  | head. [demonic ancestry]
  2240 | D:3      | Reached XP level 4. HP: 19/32 MP: 4/4
  2548 | D:4      | HP: 1/32 [poisoned by a worker ant]
  2552 | D:4      | Succumbed to a worker ant's poison

Skill      XL: |  1  2  3 |
---------------+----------+-----
Maces & Flails | 1 2 4 |  4.2
Fighting       | |  1.0
Dodging        | |  2.6
Stealth        | |  3.0

Action                   |  1- 3 |  4- 6 || total
-------------------------+-------+-------++-------
Melee: Whip              |   412 |    39 ||   451
  Use: Potion            |     4 |     1 ||     5
       Scroll            |     1 |     1 ||     2
 Stab: Sleeping          |     5 |       ||     5
  Eat: Chunk             |    10 |       ||    10
       Ration            |     1 |       ||     1
Armor: Robe              |   134 |     9 ||   143
Dodge: Dodged            |   269 |    26 ||   295
